 Dungeon Crawl Stone Soup version 0.16-a0-2652-gd333f3b (webtiles) character file.

13159 PolkaDot the Summoner (level 11, 0/124 HPs)
             Began as a Vampire Summoner on Nov 23, 2014.
             Was the Champion of Sif Muna.
             Slain by a yak (2 damage)
             ... while paralysed
             ... on level 13 of the Dungeon.
             The game lasted 01:09:44 (15053 turns).

PolkaDot the Summoner (Vampire Summoner)           Turns: 15053, Time: 01:09:44

Health: 0/124      AC: 25    Str: 14    XL:     11   Next: 71%
Magic:  4/23       EV:  2    Int: 20    God:    Sif Muna [******]
Gold:   622        SH:  0    Dex: 19    Spells: 6 memorised, 2 levels left

rFire  + . .     SeeInvis +     e - +1 trident of the Visionary {drain, Str+2}
rCold  . . .     Clarity  .     j - melded +2 leather armour {rPois}
rNeg   + + +     SustAb   .     (no shield)
rPois  +         Gourm    .     (helmet currently unavailable)
rElec  .         Spirit   .     q - melded +0 cloak
rCorr  .         Warding  .     J - melded +1 pair of gloves
rMut   .         NoTele   +     (boots currently unavailable)
MR     +....                    b - amulet of rage
Stlth  ++++......               w - ring of wizardry
                                B - ring of protection from fire

@: paralysed, mighty, agile, exhausted, tree-form, regenerating quickly, slowed,
somewhat resistant to hostile enchantments, stealthy
A: bottle blood, (fangs 0), see invisible, (unbreathing), no device heal 1,
placid magic 2
a: Channel Energy, Forget Spell, Renounce Religion, Evoke Berserk Rage


You were on level 13 of the Dungeon.
You worshipped Sif Muna.
Sif Muna was exalted by your worship.
You were very full.
You were a tree.
You visited 1 branch of the dungeon, and saw 13 of its levels.
You also visited: Sewer.

You collected 761 gold pieces.
You spent 139 gold pieces at shops.

Inventory:

Hand weapons
 e - the +1 trident of the Visionary (weapon) {drain, Str+2}
   (You found it on level 4 of the Dungeon)

   A truly terrible weapon, it drains the life of those it strikes.
   It affects your strength (+2).
Armour
 j - a +2 leather armour of poison resistance (melded)
 q - a +0 cloak (melded)
 J - a +1 pair of gloves (melded)
Magical staves
 d - an uncursed staff of cold
Rods
 C - a +3 rod of the swarm (11/11)
   (You found it on level 10 of the Dungeon)
Jewellery
 b - an amulet of rage (around neck)
 n - an uncursed amulet of warding
 s - an uncursed ring of loudness
 w - a ring of wizardry (right branch)
 B - a ring of protection from fire (left branch)
Magical devices
 g - a wand of disintegration (9)
 o - a wand of random effects (15)
 p - a wand of digging (9)
 t - a wand of fire (8)
 u - a wand of random effects (22)
 y - a wand of cold (7)
 z - a wand of slowing (19)
 F - a wand of draining (6)
 H - a wand of flame (22)
 M - a wand of random effects (27)
Scrolls
 c - 2 scrolls of blinking
 i - a scroll of identify
 k - 5 scrolls of enchant armour
 r - 4 scrolls of teleportation
 v - 4 scrolls of enchant weapon
 x - a scroll of fog
 A - a scroll of amnesia
 D - a scroll of recharging
 G - a scroll of remove curse
 K - 2 scrolls of magic mapping
Potions
 f - a potion of might
 h - 5 potions of curing
 l - a potion of magic
 m - a potion of flight
 I - a potion of heal wounds


   Skills:
 + Level 6.4 Fighting
 - Level 2.3 Staves
 + Level 6.7 Dodging
 - Level 3.0 Stealth
 - Level 5.3 Spellcasting
 - Level 7.9 Hexes
 * Level 12.2 Summonings
 - Level 5.0 Ice Magic
 - Level 5.0 Air Magic
 - Level 2.4 Invocations
 - Level 2.0 Evocations


You had 2 spell levels left.
You knew the following spells:

 Your Spells              Type           Power        Failure   Level  Hunger
a - Summon Small Mammal   Summ           ####         0%          1    None
b - Summon Lightning Spi  Summ/Air       ###.....     1%          4    ####...
d - Call Canine Familiar  Summ           ####....     0%          3    ##.....
g - Summon Guardian Gole  Hex/Summ       ###.....     1%          4    ####...
i - Summon Ice Beast      Ice/Summ       ###.....     1%          4    ####...
s - Call Imp              Summ           ####....     0%          2    None


Dungeon Overview and Level Annotations

Branches:
Dungeon (13/15)            Temple (0/1) D:7            Lair (0/8) D:10
    Orc (0/4) D:10
 Vaults: D:13-14

Altars:
Cheibriados
Dithmenos
Makhleb
Okawaru
Sif Muna
Vehumet
Xom
Zin

Shops:
D:9 [   D:11 [


Innate Abilities, Weirdness & Mutations

Your natural rate of healing is unusually fast.
You can bottle blood from corpses.
((You have razor-sharp teeth.))
You have supernaturally acute eyesight.
((You can survive without breathing.))
Potions and wands are less effective at restoring your health.
Your spells are easier to cast, but less powerful.


Message History

* * * LOW HITPOINT WARNING * * *
The yak gores you but does no damage.
You puncture the yak!
The yak is moderately wounded.
The yak gores you but does no damage. The yak gores you!
* * * LOW HITPOINT WARNING * * *
The yak gores you but does no damage. The yak completely misses you.
You closely miss the yak.
The yak is moderately wounded.
The yak gores you.
* * * LOW HITPOINT WARNING * * *
The yak gores you but does no damage. x3
The yak gores you.
* * * LOW HITPOINT WARNING * * *
You puncture the yak!
The yak is moderately wounded.
You are no longer berserk.
You pass out from exhaustion.
You feel yourself slow down. The yak gores you.
You die...

........................
.......###...######.#### ##
###...........(....# ..
#.######..####..## #. #.#
#..####..# #. #.# ##....#..#
....###.#####.### #>....[.#
.....YY......+.Y## #.......#
.≈≈)......≈≈...Y♣########..##
≈≈≈.....≈≈≈≈..YY##.....#..#
.≈?....≈≈≈≈≈≈...++.....#>.#
......≈≈≈≈≈≈....##.....#..#
...§≈≈≈≈≈≈≈....##........#
..§§≈≈≈≈......##......).#
≈§≈≈≈.....##........#
≈≈≈§≈≈...............#
≈≈≈≈≈≈≈≈.###......#..#


You could see 4 yaks.

Vanquished Creatures
  A centaur warrior (D:13)
  2 hill giants (D:11)
  2 ugly things
  A moth of wrath (shapeshifter) (D:13)
  A two-headed ogre (D:8)
  A yak (D:13)
  A hippogriff (D:11)
  A water moccasin (D:6)
  6 sky beasts
  An orc warrior (D:6)
  A mottled dragon (D:11)
  A necrophage (D:10)
  2 ogres
  3 ice beasts
  4 centaurs
  3 phantoms
  A big kobold (D:11)
  Duvessa (D:6)
  A gnoll sergeant (D:5)
  7 giant frogs
  4 wights
  4 scorpions
  6 jellies
  A killer bee (D:9)
  A goliath beetle (D:6)
  Dowan (D:6)
  4 crimson imps
  A centaur zombie (D:5)
  A giant frog zombie (D:12)
  8 orc priests
  2 giant frog skeletons
  5 hounds
  5 worker ants
  14 orc wizards
  3 iguanas
  A hound zombie (D:8)
  A hound skeleton (D:4)
  A mummy (D:11)
  A worker ant zombie (D:11)
  5 gnolls
  11 adders
  3 shadow imps
  A white imp (D:4)
  A worm (D:3)
  5 giant mites
  6 giant geckos
  An ooze (D:3)
  37 orcs
  7 ball pythons
  A bat skeleton (D:7)
  6 giant cockroaches
  13 hobgoblins
  12 jackals
  5 quokkas
  13 bats
  A giant gecko skeleton (D:4)
  5 giant newts
  2 giant spores (D:11)
  14 goblins
  24 kobolds
  A quokka skeleton (D:5)
  19 rats
  A plant (D:10)
299 creatures vanquished.

Vanquished Creatures (collateral kills)
  A hydra (D:11)
  A hill giant (D:13)
  A manticore (D:11)
  A wolf spider (D:12)
  3 ugly things (D:11)
  A centaur zombie (D:6)
  A centaur skeleton (D:13)
  A gargoyle (D:12)
  A komodo dragon (D:11)
  2 two-headed ogres
  2 trolls
  A wyvern (D:13)
  3 yaks (D:12)
  A hippogriff (D:12)
  A hungry ghost (D:12)
  A deep elf fighter (D:8)
  2 vampire mosquitoes (D:12)
  A water moccasin (D:11)
  The ghost of RobertPalmer the Chiller, an average OpIE (D:3)
  6 orc warriors
  A swamp drake (D:10)
  7 ice beasts
  5 ogres
  3 phantoms
  2 centaurs
  A crocodile (D:12)
  A brain worm (D:8)
  3 giant frogs (D:11)
  A wyvern zombie (D:8)
  2 big kobolds (Sewer)
  A wyvern skeleton (D:7)
  9 killer bees
  5 wights
  3 hounds
  5 jellies
  An iguana (D:9)
  7 orc priests
  10 orc wizards
  A worker ant (D:9)
  A killer bee zombie (D:9)
  A hound zombie (D:8)
  5 gnolls
  2 adders
  A giant mite (D:4)
  2 white imps (D:9)
  An adder zombie (D:9)
  An ooze (D:2)
  36 orcs
  A ball python (D:4)
  3 bats
  A bat skeleton (D:5)
  2 giant cockroaches (D:4)
  2 goblins (D:1)
  3 hobgoblins
  2 jackals (D:1)
  4 kobolds
  A quokka (D:9)
  A giant gecko (D:6)
  A giant spore (D:12)
  3 rats
174 creatures vanquished.

Vanquished Creatures (others)
  The ghost of bart the Martial Artist, an experienced DsMo of Okawaru (D:9)
  4 yaks (D:12)
  8 guardian golems
  53 ice beasts
  4 wolves
  A sky beast (D:11)
  A big kobold (D:11)
  5 crimson imps
  30 hounds
  3 orc wizards
  A shadow imp (D:9)
  5 white imps
  2 giant spores
  3 rats (D:1)
  A ballistomycete (D:11)
122 creatures vanquished.

Grand Total: 595 creatures vanquished

Notes
Turn   | Place    | Note
--------------------------------------------------------------
     0 | D:1      | PolkaDot, the Vampire Summoner, began the quest for the Orb.
     0 | D:1      | Reached XP level 1. HP: 13/13 MP: 3/3
   104 | D:1      | Reached skill level 1 in Fighting
   257 | D:1      | Reached XP level 2. HP: 21/21 MP: 4/4
   668 | D:1      | Learned a level 2 spell: Call Imp
   734 | D:2      | Reached XP level 3. HP: 8/27 MP: 0/6
  1166 | D:2      | Found a glowing silver altar of Zin.
  1483 | D:2      | Found a burning altar of Makhleb.
  1551 | D:2      | Found a snail-covered altar of Cheibriados.
  1551 | D:2      | Found an iron altar of Okawaru.
  1718 | D:2      | Learned a level 3 spell: Call Canine Familiar
  1769 | D:3      | Noticed an ice beast
  1819 | D:3      | Reached XP level 4. HP: 29/34 MP: 7/7
  1844 | D:3      | Found a deep blue altar of Sif Muna.
  1844 | D:3      | Found a radiant altar of Vehumet.
  1889 | D:3      | Noticed RobertPalmer's ghost (average OpIE)
  1904 | D:3      | Killed RobertPalmer's ghost
  1950 | D:4      | Reached XP level 5. HP: 41/41 MP: 7/9
  2067 | D:4      | Got a crude trident
  2068 | D:4      | Identified the cursed +1 trident of the Visionary {drain, Str+2} (You found it on level 4 of the Dungeon)
  2180 | D:3      | Became a worshipper of Sif Muna the Loreminder
  2291 | D:4      | Reached skill level 1 in Evocations
  2292 | D:4      | Reached skill level 5 in Summonings
  2293 | D:4      | Reached skill level 1 in Staves
  2357 | D:4      | Found a glowing drain.
  2393 | Sewer    | Entered a sewer
  2583 | Sewer    | Reached XP level 6. HP: 26/47 MP: 5/10
  3214 | D:4      | Reached skill level 6 in Summonings
  3415 | D:4      | Reached XP level 7. HP: 49/52 MP: 12/12
  3437 | D:4      | Learned a level 4 spell: Summon Ice Beast
  3484 | D:5      | Entered Level 5 of the Dungeon
  3490 | D:5      | Reached skill level 1 in Ice Magic
  3603 | D:5      | Acquired Sif Muna's first power
  4005 | D:5      | Reached XP level 8. HP: 51/59 MP: 13/13
  4136 | D:5      | Reached skill level 7 in Summonings
  4237 | D:5      | Acquired Sif Muna's second power
  4389 | D:5      | Reached skill level 5 in Ice Magic
  5691 | D:3      | Killed an ice beast
  6233 | D:3      | Learned a level 4 spell: Summon Guardian Golem
  6451 | D:6      | Reached skill level 8 in Summonings
  6495 | D:6      | Noticed a centaur zombie
  6519 | D:6      | Killed a centaur zombie
  6519 | D:6      | Reached skill level 5 in Hexes
  6519 | D:6      | Reached XP level 9. HP: 20/64 MP: 14/18
  7018 | D:6      | Noticed Dowan
  7019 | D:6      | Noticed Duvessa
  7027 | D:6      | Killed Duvessa
  7032 | D:6      | Killed Dowan
  7107 | D:6      | Found a shadowy altar of Dithmenos.
  7379 | D:6      | Acquired Sif Muna's third power
  7414 | D:6      | HP: 3/64 [orc wizard/puff of flame (5)]
  7814 | D:7      | Found a staircase to the Ecumenical Temple.
  7968 | D:7      | Reached skill level 1 in Invocations
  8072 | D:7      | Reached skill level 9 in Summonings
  8347 | D:8      | Reached skill level 5 in Spellcasting
  8660 | D:8      | Learned a level 4 spell: Summon Lightning Spire
  8727 | D:8      | Reached skill level 1 in Air Magic
  9024 | D:9      | Noticed bart's ghost (experienced DsMo)
  9070 | D:9      | Killed bart's ghost
  9085 | D:9      | Found a shimmering altar of Xom.
  9116 | D:9      | Reached XP level 10. HP: 70/70 MP: 3/22
  9520 | D:9      | Found Hiasiof's Antique Armour Shoppe.
  9526 | D:9      | Bought a pair of embroidered gloves for 139 gold pieces
  9541 | D:9      | Gained mutation: Your spells are a little easier to cast, but a little less powerful. [potion of mutation]
  9541 | D:9      | Gained mutation: Your spells are easier to cast, but less powerful. [potion of mutation]
  9541 | D:9      | Gained mutation: Potions and wands are less effective at restoring your health. [potion of mutation]
  9876 | D:9      | Reached skill level 5 in Air Magic
  9909 | D:10     | Entered Level 10 of the Dungeon
 10002 | D:10     | Found a staircase to the Lair.
 10741 | D:10     | Found a staircase to the Orcish Mines.
 11075 | D:11     | Noticed a manticore
 11091 | D:11     | Killed a manticore
 11236 | D:11     | Noticed a red ugly thing
 11238 | D:11     | Noticed a hill giant
 11258 | D:11     | Noticed a purple ugly thing
 11270 | D:11     | Killed a red ugly thing
 11270 | D:11     | Reached skill level 10 in Summonings
 11288 | D:11     | Killed a hill giant
 11296 | D:11     | Killed a purple ugly thing
 11413 | D:11     | Noticed an eight-headed hydra
 11537 | D:11     | Killed an eight-headed hydra
 11861 | D:11     | Noticed a purple ugly thing
 11864 | D:11     | Noticed a red ugly thing
 11869 | D:11     | Killed a purple ugly thing
 11907 | D:11     | Reached skill level 5 in Fighting
 11944 | D:11     | Killed a brown ugly thing
 11944 | D:11     | Reached XP level 11. HP: 46/79 MP: 1/23
 12135 | D:11     | Reached skill level 5 in Dodging
 12424 | D:11     | Reached skill level 11 in Summonings
 12704 | D:11     | Found Khubyit's Armour Boutique.
 13101 | D:11     | Noticed a hill giant
 13112 | D:11     | Killed a hill giant
 13584 | D:12     | Received a gift from Sif Muna
 14650 | D:13     | Noticed a centaur warrior
 14661 | D:13     | Killed a centaur warrior
 14905 | D:13     | Noticed a hill giant
 14915 | D:13     | Killed a hill giant
 14915 | D:13     | Reached skill level 12 in Summonings
 15051 | D:13     | HP: 6/186 [yak (7)]
 15052 | D:13     | HP: 2/186 [yak (3)]
 15053 | D:13     | Slain by a yak

Action                   |  1- 3 |  4- 6 |  7- 9 | 10-12 || total
-------------------------+-------+-------+-------+-------++-------
Melee: Unarmed           |    19 |       |       |       ||    19
       Dagger            |     7 |       |       |       ||     7
       Whip              |    86 |    22 |       |       ||   108
       Trident           |       |   132 |   547 |   582 ||  1261
       Staff             |       |    11 |       |       ||    11
 Cast: Summon Small Mamm |    11 |       |     4 |       ||    15
       Call Imp          |     4 |    10 |    10 |    14 ||    38
       Call Canine Famil |       |     5 |    22 |    43 ||    70
       Summon Ice Beast  |       |       |    54 |   129 ||   183
       Summon Guardian G |       |       |     3 |     9 ||    12
Invok: Channel Energy    |       |       |    45 |   120 ||   165
Evoke: Wand              |       |       |     1 |     1 ||     2
  Use: Potion            |     9 |    11 |    66 |    85 ||   171
       Scroll            |       |    13 |     8 |    10 ||    31
 Stab: Distracted        |     3 |     1 |     3 |    12 ||    19
       Sleeping          |     4 |     4 |     9 |     7 ||    24
       Invisible         |       |       |     1 |       ||     1
  Eat: Corpse            |     8 |       |     1 |     6 ||    15
